 Dungeon Crawl Stone Soup version 0.27-a0-54-g64bdb92e38 (webtiles) character file.

Game seed: 15466356663627808374

9528 lunkers the Geomancer (level 11, -29/87 HPs)
             Began as a Vampire Earth Elementalist on Jan 7, 2021.
             Was an Initiate of Ashenzari.
             Killed from afar by Fannar (41 damage)
             ... with a bolt of cold
             ... on level 10 of the Dungeon on Jan 11, 2021.
             The game lasted 00:23:11 (13139 turns).

lunkers the Geomancer (Vampire Earth Elementalist) Turns: 13139, Time: 00:23:12

Health: -29/87     AC:  9    Str:  7    XL:     11   Next: 24%
Magic:  13/18      EV: 20    Int: 16    God:    Ashenzari [......]
Gold:   1130       SH:  6    Dex: 15    Spells: 9/20 levels left

rFire    . . .     SeeInvis +   a - +2 dagger (venom)
rCold    . . .     Faith    .   D - +1 buckler
rNeg     . . .     Spirit   .   c - +3 leather armour "Difyggi" {Will+ Int-5 Slay+5} (curse)
rPois    .         Reflect  .   (no helmet)
rElec    .         Harm     .   (no cloak)
rCorr    .         Rampage  .   (no gloves)
Will     ++...                  v - +2 pair of boots (curse)
Stlth    ++........             (no amulet)
HPRegen  0.44/turn              k - +4 ring of evasion (curse)
MPRegen  0.16/turn              (no ring)

@: regenerating quickly
A: fangs 3, see invisible, unbreathing
a: Exsanguinate, Renounce Religion, Curse Item


You were on level 10 of the Dungeon.
You worshipped Ashenzari.
Ashenzari was noncommittal.
You visited 2 branches of the dungeon, and saw 11 of its levels.
You also visited: Sewer and Bailey.

You collected 1130 gold pieces.

Inventory:

Hand Weapons
 a - a +2 dagger of venom (weapon)
Missiles
 b - 130 stones (quivered)
 q - 8 curare-tipped darts
Armour
 c - the cursed +3 leather armour "Difyggi" (worn) {Will+ Int-5 Slay+5}
   (You found it on level 6 of the Dungeon)

   It affects your intelligence (-5).
   It affects your accuracy and damage with ranged weapons and melee attacks
   (+5).
   It affects your willpower, your defense against some magical effects.
   It has a curse placed upon it.
 v - a cursed +2 pair of boots (worn)
 y - a +0 troll leather armour {Purgy}
 D - a +1 buckler (worn)
 O - +0 swamp dragon scales
Magical Staves
 C - an uncursed staff of air
 F - an uncursed staff of fire
 P - an uncursed staff of poison
Jewellery
 k - a cursed +4 ring of evasion (left hand)
Wands
 l - a wand of flame (12)
 s - a wand of enslavement (6)
 z - a wand of random effects (17)
 A - a wand of paralysis (8)
 L - a wand of iceblast (1)
Scrolls
 e - a scroll of blinking
 f - 5 scrolls of teleportation
 g - 3 scrolls of enchant weapon
 n - a scroll of amnesia
 p - a scroll of magic mapping
 w - 2 scrolls of fear
 I - a scroll of enchant armour
Potions
 d - 3 potions of curing
 i - 6 potions of heal wounds
 j - 5 potions of ambrosia
 m - a potion of berserk rage
 r - 3 potions of flight
 u - a potion of resistance
 x - 4 potions of might
 E - 2 potions of attraction
 K - a potion of invisibility


   Skills:
 + Level 8.6 Fighting
 - Level 4.0 Short Blades
 + Level 8.2 Dodging
 - Level 3.0 Stealth
 - Level 4.0 Shields
 - Level 5.0 Spellcasting
 - Level 1.1 Transmutations
 - Level 11.0 Earth Magic


You had 9 spell levels left.
You knew the following spells:

 Your Spells              Type           Power        Failure   Level
a - Stone Arrow           Conj/Erth      42%          7%          3
b - Passwall              Tmut/Erth      19%          3%          2
c - Sandblast             Erth           78%          1%          1
d - Lee's Rapid Deconstr  Erth           19%          7%          5

Your spell library contained the following spells:

 Spells                   Type           Power        Failure   Level
 Petrify                  Tmut/Erth      23%          19%         4


Dungeon Overview and Level Annotations

Branches:
Dungeon (10/15)            Temple (1/1) D:7            Lair (0/6) D:9
  Sewer (visited)          Bailey (visited)
    Orc: D:9-12

Altars:
Ashenzari
Cheibriados
Dithmenos
Elyvilon
Fedhas
Gozag
Hepliaklqana
Kikubaaqudgha
Makhleb
Nemelex Xobeh
Okawaru
Qazlal
Ru
Sif Muna
Trog
Uskayaw
Vehumet
Wu Jian
Xom
Yredelemnul
Zin
The Shining One
Beogh

Shops:
D:8 *

Annotations:
D:10 Fannar


Innate Abilities, Weirdness & Mutations

Your natural rate of healing is unusually fast.
You have razor-sharp teeth.
You have supernaturally acute eyesight. (SInv)
You can survive without breathing.


Message History

Aim: Fannar, wielding a +0 quarterstaff of freezing, wearing a +2 robe of cold resistance and wearing an uncursed ring of ice (moderately wounded, covered in an icy film, 47% to evade)
The bolt of acid misses Fannar.
You block Fannar's attack.
Evoke which item? (* to show all) (? for menu, Esc to quit)
Aiming: Corrosive Bolt
Press: ? - help, Shift-Dir - straight line, f/p - Fannar
Aim: Fannar, wielding a +0 quarterstaff of freezing, wearing a +2 robe of cold resistance and wearing an uncursed ring of ice (moderately wounded, covered in an icy film, 47% to evade)
The bolt of acid misses Fannar.
Fannar completely misses you.
Evoke which item? (* to show all) (? for menu, Esc to quit)
Aiming: Corrosive Bolt
Press: ? - help, Shift-Dir - straight line, f/p - Fannar
Aim: Fannar, wielding a +0 quarterstaff of freezing, wearing a +2 robe of cold resistance and wearing an uncursed ring of ice (moderately wounded, covered in an icy film, 47% to evade)
The bolt of acid hits Fannar.
Fannar is splashed with acid!
Fannar is heavily wounded.
The now-empty wand crumbles to dust.
Fannar gestures at you while chanting. The bolt of cold hits you!!
* * * LOW HITPOINT WARNING * * *
Fannar casts a spell at you. The bolt of cold hits you!!!
You die...

# # .#### ##.## . ...##
##..... ..?
#..####++####......
.....##..................
......e.@.(....(..(......
###+###+#.....(#+###.....
#.<....# ..... #(####[#
.##.. #.# #)# .# ..
#......# .. . ##.....+
#...#.# +...#.#


You could see Fannar (icy armour).

Vanquished Creatures
  Harold (D:9)
  An unseen horror (D:9)
  Pikel (D:4)
  A manticore (D:9)
  Maggie (D:9)
  A komodo dragon (D:9)
  A troll (D:10)
  A hornet (D:9)
  Grinder (D:3)
  Sigmund (D:2)
  2 wyverns (D:8)
  Duvessa (D:4)
  2 water moccasins (D:8)
  Purgy (Sewer)
  3 orc warriors
  5 ice beasts
  2 sky beasts (D:9)
  2 black bears
  3 phantoms
  7 ogres
  5 centaurs
  A big kobold (D:6)
  8 gnoll sergeants (Bailey)
  4 bullfrogs
  A water moccasin zombie (D:5)
  A wyvern skeleton (D:8)
  Dowan (D:4)
  2 scorpions
  2 howler monkeys
  6 hounds
  4 jellies
  6 gnoll shamans (Bailey)
  11 orc wizards
  2 bullfrog skeletons
  5 orc priests
  2 centaur skeletons (D:7)
  Jessica (D:2)
  An iguana (D:6)
  Terence (D:3)
  7 worker ants
  A hound zombie (D:6)
  A hound skeleton (D:7)
  Robin (D:2)
  3 worker ant zombies
  14 gnolls (Bailey)
  13 adders
  A shadow imp (D:8)
  3 white imps
  An ooze (D:5)
  3 adder skeletons
  3 adder zombies
  3 worms
  A dart slug (D:1)
  4 leopard geckos
  65 orcs
  A bat skeleton (D:2)
  A bat zombie (D:2)
  5 giant cockroaches
  7 hobgoblins
  12 jackals
  9 kobolds
  2 quokkas
  3 ball pythons
  A ball python zombie (D:2)
  2 bats
  8 frilled lizards
  20 goblins
  A leopard gecko skeleton (D:4)
  A leopard gecko zombie (D:2)
  A quokka skeleton (D:2)
  A quokka zombie (D:9)
  3 rats
304 creatures vanquished.

Vanquished Creatures (others)
  A sky beast (D:9)
  34 plants (D:9)
35 creatures vanquished.

Grand Total: 339 creatures vanquished

Notes
Turn   | Place    | Note
-------+----------+-------------------------------------------
     0 | D:1      | lunkers the Vampire Earth Elementalist began the quest for
                  | the Orb.
     0 | D:1      | Reached XP level 1. HP: 13/13 MP: 3/3
   364 | D:1      | Reached XP level 2. HP: 19/19 MP: 3/5
  1127 | D:2      | Found a faded altar of an unknown god.
  1177 | D:2      | Reached XP level 3. HP: 24/24 MP: 2/6
  1269 | D:2      | Reached skill level 4 in Earth Magic
  1412 | D:2      | Noticed Sigmund
  1416 | D:2      | Killed Sigmund
  1417 | D:2      | Reached skill level 5 in Earth Magic
  1417 | D:2      | Reached XP level 4. HP: 24/30 MP: 3/9
  1417 | D:2      | Reached XP level 5. HP: 28/35 MP: 3/10
  1597 | D:2      | Noticed Robin
  1680 | D:2      | Killed Robin
  1845 | D:2      | Noticed Jessica
  1848 | D:2      | Killed Jessica
  1849 | D:2      | Reached XP level 6. HP: 41/41 MP: 9/11
  2460 | D:3      | Noticed Grinder
  2463 | D:3      | Noticed Terence
  2486 | D:3      | Killed Terence
  2487 | D:3      | Reached skill level 6 in Earth Magic
  2491 | D:3      | Killed Grinder
  2492 | D:3      | Reached XP level 7. HP: 18/46 MP: 0/13
  2634 | D:3      | Reached skill level 7 in Earth Magic
  2919 | D:3      | Found a glowing drain.
  3020 | Sewer    | Entered a sewer
  3138 | Sewer    | Noticed Purgy
  3161 | Sewer    | Killed Purgy
  3705 | D:4      | Noticed Duvessa
  3705 | D:4      | Noticed Dowan
  3710 | D:4      | Killed Dowan
  3711 | D:4      | Reached skill level 5 in Spellcasting
  3711 | D:4      | Reached skill level 8 in Earth Magic
  3717 | D:4      | Killed Duvessa
  3718 | D:4      | Reached XP level 8. HP: 31/52 MP: 4/15
  3729 | D:4      | Learned a level 2 spell: Passwall
  3733 | D:4      | Learned a level 3 spell: Stone Arrow
  3739 | D:4      | Learned a level 5 spell: Lee's Rapid Deconstruction
  3999 | D:4      | Reached skill level 9 in Earth Magic
  4434 | D:4      | Noticed Pikel
  4460 | D:4      | Killed Pikel
  4461 | D:4      | Reached skill level 10 in Earth Magic
  4564 | D:4      | Found a blossoming altar of Fedhas.
  4602 | D:5      | Entered Level 5 of the Dungeon
  4737 | D:5      | Reached XP level 9. HP: 57/57 MP: 13/16
  4776 | D:5      | Reached skill level 11 in Earth Magic
  4846 | D:5      | Reached skill level 1 in Fighting
  5117 | D:5      | Found a sacrificial altar of Ru.
  5553 | D:6      | You fall into a shaft and drop 1 floor!
  5553 | D:7      | Found a staircase to the Ecumenical Temple.
  5575 | Temple   | Entered the Ecumenical Temple
  5668 | D:7      | Found an ancient bone altar of Kikubaaqudgha.
  5809 | D:7      | Reached skill level 5 in Fighting
  5987 | D:6      | Found a shadowy altar of Dithmenos.
  6146 | D:6      | Reached skill level 1 in Shields
  6469 | D:6      | Got an ichor-stained leather armour
  6480 | D:6      | Identified the +3 leather armour "Difyggi" {Will+ Int-5
                  | Slay+5} (You found it on level 6 of the Dungeon)
  6554 | D:7      | Found a sparkling altar of Nemelex Xobeh.
  6747 | D:7      | Found an ornate altar of the Wu Jian Council.
  7081 | D:8      | Reached XP level 10. HP: 76/76 MP: 12/17
  7966 | D:8      | Found Sysudo's Serpentskin Sales.
  8213 | D:8      | Reached skill level 5 in Dodging
  9115 | D:8      | Found a roughly hewn altar of Beogh.
  9327 | D:9      | Noticed Harold
  9334 | D:9      | Noticed a manticore
  9432 | D:9      | Found a flagged portal.
  9478 | Bailey   | Entered a bailey
  9670 | Bailey   | Reached skill level 1 in Short Blades
 10762 | D:9      | Killed Harold
 11022 | D:9      | Found a snail-covered altar of Cheibriados.
 11025 | D:9      | Found a radiant altar of Vehumet.
 11028 | D:9      | Found a white marble altar of Elyvilon.
 11035 | D:9      | Found a shimmering altar of Xom.
 11075 | D:9      | Noticed an unseen horror
 11081 | D:9      | Killed an unseen horror
 11110 | D:9      | Noticed Maggie
 11115 | D:9      | Reached XP level 11. HP: 8/86 MP: 1/18
 11116 | D:9      | Killed Maggie
 11690 | D:9      | Found a staircase to the Lair.
 12297 | D:9      | Found a glowing silver altar of Zin.
 12298 | D:9      | Found an opulent altar of Gozag.
 12507 | D:10     | Entered Level 10 of the Dungeon
 12725 | D:4      | Found an iron altar of Okawaru.
 12725 | D:4      | Found a broken altar of Ashenzari.
 12736 | D:4      | Became a worshipper of Ashenzari the Shackled
 13107 | D:10     | Noticed Fannar
 13139 | D:10     | Killed from afar by Fannar

Illustrated notes

Levels and vault maps discovered:
D:1:      lightli_molten_gateway, layout_loops_corners, minmay_tripent
D:2:      layout_loops_corners, chequers_ecumenical_altar_island, serial_undead,
          serial_undead_d, serial_undead_b, serial_undead_b, serial_undead_d,
          serial_undead_d, serial_undead_f, uniq_sigmund, uniq_robin,
          uniq_jessica
D:3:      cheibrodos_pilgrimage, layout_basic, gup_sewer_entry_glass,
          uniq_grinder, uniq_terence
D:4:      layout_basic, marbit_many_paths, nicolae_overflow_hidden_temple,
          corexii_corridor_pit, kennysheep_small_square, uniq_pikel,
          uniq_duvessa
D:5:      layout_basic, basic_altar, minmay_crystal_room,
          kennysheep_generic_room_14
D:6:      layout_rooms, nicolae_dithmenos_shadow_blocks, kennysheep_nondescript
D:7:      layout_loops_cross, nemelex_xobeh_ov_fountains_minmay,
          lemuel_doored_altar, minmay_temple_entry_statues_pillars,
          chequers_garden, tgw_kikubaaqudgha
D:8:      layout_cave_pools, special_room [special_room_orc], kennysheep_path_1,
          guppyfry_shop_venom
D:9:      layout_loops_ring, grunt_temple_overflow_gold_and_silver,
          grunt_temple_overflow_cloverleaf, david_lair_shrubbed, enter_bailey_5,
          uniq_maggie, uniq_harold
D:10:     layout_stronghold, serial_shops, nicolae_shop_crystal,
          kennysheep_big_empty_room, dk_yredelemnul_ordeal, uniq_fannar
Temple:   compressed_dpeg_circular_temple

Skill      XL: |  1  2  3  4  5  6  7  8  9 10 11 |
---------------+----------------------------------+-----
Earth Magic    | 5 6 8 10 11 | 11.0
Spellcasting   | 3 4 5 |  5.0
Fighting       | 6 8 |  8.6
Shields        | 2 4 |  4.0
Dodging        | 4 7 8 |  8.2
Short Blades   | 4 |  4.0
Stealth        | |  3.0
Transmutations | |  1.1

Action                   |  1- 3 |  4- 6 |  7- 9 | 10-12 || total
-------------------------+-------+-------+-------+-------++-------
Melee: Unarmed           |     5 |     3 |       |       ||     8
       Bite              |     1 |       |    39 |    24 ||    64
       Dagger            |       |     1 |   299 |   174 ||   474
Throw: Stone             |       |       |       |     1 ||     1
 Cast: Sandblast         |    39 |    45 |   136 |    23 ||   243
       Stone Arrow       |       |       |       |   180 ||   180
       Lee's Rapid Decon |       |       |       |     3 ||     3
Invok: Curse Item        |       |       |       |     3 ||     3
Evoke: Wand              |       |     3 |       |    15 ||    18
  Use: Scroll            |       |       |     8 |    15 ||    23
 Stab: Sleeping          |       |       |    10 |       ||    10
Armor: Robe              |     4 |     2 |       |       ||     6
       Troll leather arm |       |       |    56 |       ||    56
       Leather armour    |       |       |    19 |    38 ||    57
Dodge: Dodged            |     9 |    22 |   262 |   247 ||   540
Block: Buckler           |       |       |    23 |    73 ||    96

Table legend: (Time is in decaauts)
 A = Elapsed time spent in this place.
 B = Non-inter-level travel time spent in this place.
 C = Inter-level travel time spent in this place.
 D = Time resting spent in this place.
 E = Time spent auto-exploring this place.
 F = Levels seen in this place.
 G = Mean time per level.
                   A        B        C        D        E       F      G
               +--------+--------+--------+--------+--------+-----+--------+
         Total |  13180 |  12537 |    643 |   1563 |   8459 |  13 | 1013.8 |
       Dungeon |  11694 |  11062 |    632 |   1046 |   7940 |  10 | 1169.4 |
        Temple |     89 |     78 |     11 |      0 |     78 |   1 |   89.0 |
         Sewer |    255 |    255 |      0 |      0 |    164 |   1 |  255.0 |
        Bailey |   1140 |   1140 |      0 |    517 |    276 |   1 | 1140.0 |
               +--------+--------+--------+--------+--------+-----+--------+

Top non-repeatable levels by time:
     D:8: 2241 daAuts
     D:9: 1919 daAuts
     D:2: 1287 daAuts
     D:7: 1166 daAuts
     D:4: 1143 daAuts
  Bailey: 1140 daAuts
     D:1: 1091 daAuts
     D:5: 980 daAuts
     D:3: 956 daAuts
     D:6: 780 daAuts
   Sewer: 255 daAuts
    D:10: 128 daAuts
  Temple: 89 daAuts
